 Dungeon Crawl Stone Soup version 0.29-a0-582-ge82337ba6a (console) character file.

Game seed: 15766899529775427809

589 om the Chiller (level 7, -3/39 (47) HPs)
             Began as a Merfolk Ice Elementalist on June 14, 2022.
             Was a Priest of Wu Jian.
             Slain by a gnoll
             ... wielding a +0 flail
              (4 damage)
             ... on level 5 of the Dungeon.
             The game lasted 00:09:01 (5564 turns).

om the Chiller (Merfolk Ice Elementalist)           Turns: 5564, Time: 00:09:01

HP:   -3/39 (47)    AC:  9    Str: 16    XL:     7   Next: 38%
MP:   7/13          EV: 14    Int: 15    God:    Wu Jian [***...]
Gold: 242           SH:  0    Dex: 14    Spells: 7/14 levels left

rFire   . . .      SeeInvis .   y - +2 halberd (vorpal)
rCold   . . .      Faith    .   (shield currently unavailable)
rNeg    . . .      Spirit   .   a - +0 robe
rPois   .          Reflect  .   (no helmet)
rElec   .          Harm     .   (no cloak)
rCorr   .          Rampage  .   x - +0 pair of gloves
Will    .....                   (no boots)
Stlth   +++.......              (no amulet)
HPRegen 0.13/turn               l - ring of wizardry
MPRegen 0.13/turn               m - +6 ring of strength

@: ice-armoured, freezing walls, heavily drained
A: (nimble swimmer 2), mertail
a: Renounce Religion, Wall Jump, Serpent's Lash


You were on level 5 of the Dungeon.
You worshipped Wu Jian.
Wu Jian was most pleased with you.
You visited 1 branch of the dungeon, and saw 5 of its levels.

You collected 242 gold pieces.

Inventory:

Hand Weapons
 c - a +0 dagger
 w - a +1 vorpal war axe
 y - a +2 vorpal halberd (weapon)
Missiles
 o - 2 throwing nets
Armour
 a - a +0 robe (worn)
 x - a +0 pair of gloves (worn)
Jewellery
 l - a ring of wizardry (left hand)
 m - a +6 ring of strength (right hand)
 A - a ring of magical power
Wands
 k - a wand of flame (13)
Scrolls
 e - a scroll of fog {unknown}
 g - a scroll of enchant armour {unknown}
 h - 2 scrolls of fear {unknown}
 i - a scroll of noise {unknown}
 p - 3 scrolls of immolation {unknown}
 q - a scroll of brand weapon {unknown}
 r - a scroll of amnesia {unknown}
 s - a scroll of blinking {unknown}
 t - a scroll of torment {unknown}
Potions
 b - a potion of magic
 d - a potion of mutation
 f - 3 potions of attraction {unknown}
 j - 2 potions of heal wounds
 n - a potion of resistance
 u - a potion of invisibility
 v - a potion of lignification
 z - 2 potions of curing {unknown}


   Skills:
 + Level 0.9 Fighting
 * Level 1.8 Polearms
 * Level 5.6 Dodging
 + Level 4.7 Stealth
 - Level 4.0 Spellcasting
 + Level 5.8 Ice Magic


You had 7 spell levels left.
You knew the following spells:

 Your Spells              Type           Power      Damage    Failure   Level
a - Freeze                Ice            80%        1d9       1%          1
b - Frozen Ramparts       Ice            40%        1d6       1%          3
c - Ozocubu's Armour      Ice            20%        N/A       1%          3

Your spell library contained the following spells:

 Spells                   Type           Power      Damage    Failure   Level
 Hailstorm                Conj/Ice       11%        3d5       21%         4


Dungeon Overview and Level Annotations

Branches:
Dungeon (5/15)
 Temple: D:4-7

Altars:
Wu Jian

Annotations:
D:5 Edmund


Innate Abilities, Weirdness & Mutations

((You are very nimble when in or above water. (Stealth+, EV+, Speed+++)))
Your lower body shifts to a powerful aquatic tail in water.


Message History

The gnoll moves out of view.
You reach to attack!
You puncture Edmund!
Edmund is moderately wounded.
The adder bites you but does no damage.
Casting: Freeze (safe; 1% risk of failure)
Confirm with . or Enter, or press ? or * to list all spells.
Casting: Frozen Ramparts (safe; 1% risk of failure)
Press: ? - help, Dir - look around, f - activate The walls around you are covered in ice.
The wall freezes Edmund.
Edmund hits you with a +8 flail of draining!
You feel drained.
The wall freezes the adder.
The adder seems to slow down.
The adder bites you but does no damage.
Casting: Frozen Ramparts (safe; 1% risk of failure)
Confirm with . or Enter, or press ? or * to list all spells.
A film of ice covers your body!
The wall freezes Edmund.
Edmund hits you with a +8 flail of draining.
You feel drained.
The wall freezes the adder.
The adder completely misses you.
You hit Edmund.
Edmund is heavily wounded.
The wall freezes Edmund.
Edmund drinks a potion.
Edmund is healed!
The wall freezes the gnoll.
The gnoll barely misses you.
The wall freezes the adder!
You kill the adder!
The Council accepts your kill.
The wall freezes Edmund.
Edmund hits you with a +8 flail of draining!
You feel drained.
The wall freezes the gnoll.
The gnoll misses you.
You slash Edmund!
Edmund is moderately wounded.
The wall freezes the gnoll.
The gnoll closely misses you.
The wall freezes Edmund.
Edmund hits you with a +8 flail of draining!
You feel drained.
The wall freezes the gnoll.
The gnoll barely misses you.
You slash Edmund!
Edmund is severely wounded.
The wall freezes Edmund.
Edmund gestures with his flail.
Edmund hits you with a +8 flail of draining!
* * * LOW HITPOINT WARNING * * *
You feel drained.
* * * LOW HITPOINT WARNING * * *
The wall freezes the gnoll.
The gnoll barely misses you.
The wall freezes the gnoll.
The gnoll hits you with a +0 flail.
You die...

###...........
#...<........##
.......?.!....
#...........#
###..........#
#......g.....#
#..g@g.....#
#@.######
#......(.
#........
#........
##........
#####.........
#.......##..##
...##...## ..#
#####...## .#
.#........# #
..........#


You could see Edmund and 3 gnolls.

Vanquished Creatures
  An ogre (D:4)
  A scorpion (D:5)
  3 hounds (D:4)
  Natasha (thrice) (D:2)
  Terence (D:3)
  An orc wizard (D:4)
  Robin (D:3)
  4 gnolls (D:4)
  9 adders
  A worm (D:2)
  3 dart slugs
  3 orcs
  8 ball pythons
  An endoplasm (D:1)
  A giant cockroach (D:2)
  15 goblins
  11 hobgoblins
  6 jackals (D:2)
  5 kobolds
  3 quokkas
  5 bats
  3 frilled lizards
  9 rats
98 creatures vanquished.

Notes
Turn   | Place    | Note
-------+----------+-------------------------------------------
     0 | D:1      | om the Merfolk Ice Elementalist began the quest for the
                  | Orb.
     0 | D:1      | Reached XP level 1. HP: 13/13 MP: 3/3
   439 | D:1      | Reached XP level 2. HP: 16/19 MP: 5/5
  1286 | D:1      | Found a faded altar of an unknown god.
  1395 | D:1      | Prayed at the altar of an unknown god.
  1395 | D:1      | Became a worshipper of the Wu Jian Council
  1395 | D:1      | Reached * piety under Wu Jian
  1648 | D:2      | Reached XP level 3. HP: 24/24 MP: 6/6
  1838 | D:2      | Learned a level 3 spell: Frozen Ramparts
  1849 | D:2      | Noticed Natasha
  1858 | D:2      | Killed Natasha
  1859 | D:2      | Reached XP level 4. HP: 16/30 MP: 2/8
  2236 | D:2      | Reached ** piety under Wu Jian
  2317 | D:2      | Noticed Natasha
  2325 | D:2      | Killed Natasha
  2326 | D:2      | Reached skill level 5 in Ice Magic
  2326 | D:2      | Reached XP level 5. HP: 33/35 MP: 5/9
  2791 | D:2      | Noticed Natasha
  2802 | D:2      | Killed Natasha
  2896 | D:3      | Learned a level 3 spell: Ozocubu's Armour
  3327 | D:3      | Noticed Terence
  3333 | D:3      | Killed Terence
  3569 | D:3      | Noticed Robin
  3574 | D:3      | Killed Robin
  3609 | D:3      | Reached XP level 6. HP: 13/41 MP: 1/11
  4742 | D:4      | Reached skill level 5 in Dodging
  4980 | D:4      | Reached XP level 7. HP: 46/46 MP: 13/13
  5188 | D:4      | Reached skill level 1 in Polearms
  5409 | D:4      | Reached *** piety under Wu Jian
  5456 | D:5      | Entered Level 5 of the Dungeon
  5557 | D:5      | Noticed Edmund
  5564 | D:5      | HP: 1/39 [Edmund/+8 flail of draining (2)]
  5564 | D:5      | Slain by a gnoll

Illustrated notes

Levels and vault maps discovered:
D:1:      dpeg_arrival_rooms_b, layout_basic, shapermc_ecumenical_altar_pompeii,
          minmay_close_crescents
D:2:      layout_basic, minmay_box_of_dots, uniq_natasha
D:3:      layout_loops_ring, nicolae_figureground_sparkle, uniq_robin,
          uniq_terence
D:4:      layout_basic, serial_glass, glass_columns_c, glass_columns_a
D:5:      layout_rooms, minmay_temple_entry_nine_rooms, minmay_crystal_water,
          uniq_menkaure, uniq_blork_the_orc, uniq_edmund,
          uniq_crazy_yiuf_cottage

Skill      XL: |  1  2  3  4  5  6  7 |
---------------+----------------------+-----
Dodging        | 3 4 5 |  5.6
Stealth        | 3 4 |  4.7
Spellcasting   | 3 4 |  4.0
Ice Magic      | 5 |  5.8
Polearms       | 1 |  1.8
Fighting       | |  0.9

Action                   |  1- 3 |  4- 6 |  7- 9 || total
-------------------------+-------+-------+-------++-------
Melee: Dagger            |    50 |    48 |       ||    98
       Punch             |     1 |       |       ||     1
       War axe           |       |    47 |     1 ||    48
       Halberd           |       |       |    10 ||    10
 Cast: Freeze            |    24 |    33 |     3 ||    60
       Frozen Ramparts   |       |    10 |     2 ||    12
       Ozocubu's Armour  |       |     1 |     2 ||     3
Invok: Whirlwind         |     3 |     3 |       ||     6
       Lunge             |     3 |    11 |     1 ||    15
  Use: Scroll            |       |     3 |       ||     3
       Potion            |       |     1 |       ||     1
 Stab: Sleeping          |     5 |    13 |     2 ||    20
       Distracted        |       |     1 |       ||     1
Armor: Robe              |     9 |    19 |     2 ||    30
Dodge: Dodged            |    47 |    89 |    10 ||   146

Table legend: (Time is in decaauts)
 A = Elapsed time spent in this place.
 B = Non-inter-level travel time spent in this place.
 C = Inter-level travel time spent in this place.
 D = Time resting spent in this place.
 E = Time spent auto-exploring this place.
 F = Levels seen in this place.
 G = Mean time per level.
                   A        B        C        D        E       F      G
               +--------+--------+--------+--------+--------+-----+--------+
         Total |   5586 |   5135 |    451 |   1283 |   3211 |   5 | 1117.2 |
       Dungeon |   5586 |   5135 |    451 |   1283 |   3211 |   5 | 1117.2 |
               +--------+--------+--------+--------+--------+-----+--------+

Top non-repeatable levels by time:
     D:1: 1523 daAuts
     D:2: 1367 daAuts
     D:3: 1342 daAuts
     D:4: 1244 daAuts
     D:5: 109 daAuts
